 Dungeon Crawl Stone Soup version 0.31-a0-236-g9a0961fb85 (webtiles) character file.

Game seed: 6688770255547428879

115 qw the Shooter (level 4, 0/36 HPs)
             Began as a Minotaur Hexslinger on July 10, 2023.
             Succumbed to a goblin's poison
             ... on level 3 of the Dungeon.
             The game lasted 00:00:50 (1568 turns).

qw the Shooter (Minotaur Hexslinger)                Turns: 1568, Time: 00:00:51

Health: 0/36       AC:  5    Str: 12    XL:     4   Next: 68%
Magic:  4/4        EV: 11    Int: 10    God:
Gold:   34         SH:  0    Dex: 15    Spells: 4/5 levels left

rFire   . . .        Y - +1 sling
rCold   . . .        (no shield)
rNeg    . . .        d - +0 ring mail
rPois   .            (helmet restricted)
rElec   .            (no cloak)
rCorr   .            (no gloves)
SInv    .            (no boots)
Will    .....        (no amulet)
Stlth   +            (no ring)
HPRegen 0.26/turn    (no ring)
MPRegen 0.09/turn

%: no passive effects
@: lethally poisoned (0 -> -13), about to teleport
A: horns 2, retaliatory headbutt
a: no special abilities


You were on level 3 of the Dungeon.
You visited 1 branch of the dungeon, and saw 3 of its levels.

You collected 84 gold pieces.
You spent 50 gold pieces at shops.


Innate Abilities, Weirdness & Mutations

You have a pair of horns on your head.
You reflexively headbutt those who attack you in melee.


   Skills:
 - Level 2.1 Fighting
 + Level 4.7 Ranged Weapons
 - Level 2.0 Armour
 - Level 2.1 Dodging
 - Level 1.0 Spellcasting
 - Level 2.0 Hexes


You had 4 spell levels left.
You knew the following spells:

 Your Spells              Type           Power      Damage    Failure   Level
a - Slow                  Hex            16%        N/A       32%         1

Your spell library contained the following spells:

 Spells                   Type           Power      Damage    Failure   Level
 Inner Flame              Hex/Fire       2%         N/A       83%         3
 Portal Projectile        Hex/Tloc       4%         N/A       83%         3
 Cause Fear               Hex            2%         N/A       97%         4

Inventory:

Hand Weapons
 Y - a +1 sling (weapon)
Armour
 d - a +0 ring mail (worn)
Scrolls
 c - a scroll of identify
Potions
 a - a potion of resistance {unknown}
 b - a potion of degeneration {unknown}
 e - a potion of curing
 f - a potion of enlightenment

Dungeon Overview and Level Annotations

Branches:
Dungeon (3/15)

Altars:

Shops:
D:3 *=

Annotations:
D:3 Robin


Message History

A goblin comes into view. It is wielding a +2 dagger of venom.
Robin throws the goblin at you!
A goblin comes into view. It is wielding a +0 dagger.
The goblin shouts!
You shoot a sling bullet.
The sling bullet barely misses the goblin.
The goblin shouts!
You shoot a sling bullet. The sling bullet hits the goblin.
The goblin is severely wounded.
The goblin hits you with a +2 dagger of venom.
You are poisoned.
The goblin hits you with a +0 dagger. The goblin closely misses you.
You shoot a sling bullet. The sling bullet hits the goblin.
You kill the goblin!
You feel very sick.
The goblin hits you with a +2 dagger of venom.
The goblin hits you with a +0 dagger. Robin throws the goblin at you!
The goblin barely misses you. The goblin closely misses you.
You furiously retaliate!
You headbutt the goblin.
You kill the goblin!
Robin roars a battlecry!
The goblins go into a battle-frenzy!
The goblin hits you with a +0 dagger.
You shoot a sling bullet.
The sling bullet closely misses the goblin.
You feel sick.
The goblin hits you with a +2 dagger of venom.
You are lethally poisoned!
The goblin hits you but does no damage.
You shoot a sling bullet. The sling bullet hits the goblin!
You kill the goblin!
You feel extremely sick.
1567 ||| READING scroll of teleportation.
As you read the scroll of teleportation, it crumbles to dust.
You feel strangely unstable.
You feel very sick. The goblin hits you with a +0 dagger.
You shoot a sling bullet. The sling bullet hits the goblin.
The goblin is heavily wounded.
You die... #.######## #..... #.# .....# #.# ...g. #.# gg.# #.##### Sg#

#.....# #g#
#####.#
###g###.# #.#
#..g@...# #.#
#.#)#########.#
#.#.#.........#
#.#.#.#########
#.#...........
#.....########
#######


You could see Robin, 2 hobgoblins, 4 goblins and a ball python.

Vanquished Creatures
  Jessica (D:2)
  3 adders (D:2)
  A worm (D:2)
  3 dart slugs
  9 bats
  5 endoplasms
  2 giant cockroaches (D:1)
  8 goblins
  5 hobgoblins
  A quokka (D:1)
  6 ball pythons
  3 frilled lizards
  2 kobolds
  5 rats
54 creatures vanquished.

Notes
Turn   | Place    | Note
-------+----------+-------------------------------------------
     0 | D:1      | qw the Minotaur Hexslinger began the quest for the Orb.
     0 | D:1      | Reached XP level 1. HP: 16/16 MP: 1/1
     0 | D:1      | 0 ||| qw: Version: 0.3-a-52-g30416fa
     0 | D:1      | 0 ||| qw: Game counter: 4527
     0 | D:1      | 0 ||| qw: Melee chars always use a shield: true
     0 | D:1      | 0 ||| qw: God list: Okawaru
     0 | D:1      | 0 ||| qw: Allow faded altars: false
     0 | D:1      | 0 ||| qw: Do Orc after clearing Dungeon:15 true
     0 | D:1      | 0 ||| qw: Do second Lair branch before Depths: true
     0 | D:1      | 0 ||| qw: Lair rune preference: random
     0 | D:1      | 0 ||| qw: Goals: Normal
     0 | D:1      | 0 ||| PLANNING D:1-11
   100 | D:1      | Reached skill level 3 in Ranged Weapons
   104 | D:1      | Reached XP level 2. HP: 23/23 MP: 2/2
   370 | D:1      | Reached XP level 3. HP: 28/29 MP: 3/3
   406 | D:1      | 406 ||| UPGRADING to +0 ring mail.
   416 | D:1      | 416 ||| DROPPING +0 robe.
   417 | D:1      | 417 ||| DROPPING scroll of poison.
   706 | D:2      | Reached skill level 4 in Ranged Weapons
   723 | D:2      | Noticed Jessica
   731 | D:2      | Killed Jessica
   732 | D:2      | Reached XP level 4. HP: 15/36 MP: 4/4
   732 | D:2      | 732 ||| FLEEEEING.
   733 | D:2      | 733 ||| FLEEEEING.
   734 | D:2      | 734 ||| FLEEEEING.
   736 | D:2      | 736 ||| FLEEEEING.
   737 | D:2      | 737 ||| FLEEEEING.
   738 | D:2      | 738 ||| FLEEEEING.
   739 | D:2      | 739 ||| FLEEEEING.
   741 | D:2      | 741 ||| FLEEEEING.
   742 | D:2      | 742 ||| FLEEEEING.
   743 | D:2      | 743 ||| FLEEEEING.
   744 | D:2      | 744 ||| FLEEEEING.
   745 | D:2      | 745 ||| STAIRDANCE
   810 | D:1      | 810 ||| READING scroll labelled VOALYD ORHOS.
   811 | D:1      | 811 ||| READING scroll labelled XYFU DEHITOFI.
  1365 | D:2      | 1365 ||| READING scroll labelled MUITAA GA XUCK.
  1370 | D:2      | 1370 ||| READING scroll labelled LOMEHEFOMOE.
  1371 | D:2      | 1371 ||| READING 3 scrolls of identify.
  1371 | D:2      | 1371 ||| IDENTIFYING sedimented black potion
  1372 | D:2      | 1372 ||| READING 2 scrolls of identify.
  1372 | D:2      | 1372 ||| IDENTIFYING ruby potion
  1398 | D:3      | Found Rask's Jewellery Boutique.
  1402 | D:3      | Found Kuegavo's Assorted Antiques.
  1403 | D:3      | 1403 ||| SHOPLISTING +4 ring of protection (504 gold, have
                  | 56).
  1403 | D:3      | 1403 ||| SHOPLISTING amulet of reflection (420 gold, have
                  | 56).
  1403 | D:3      | 1403 ||| SHOPLISTING amulet of the acrobat (420 gold, have
                  | 56).
  1403 | D:3      | 1403 ||| SHOPLISTING ring of protection from fire (350
                  | gold, have 56).
  1403 | D:3      | 1403 ||| SHOPLISTING ring of see invisible (210 gold, have
                  | 56).
  1410 | D:3      | 1410 ||| BUYING fuming sapphire potion (25 gold).
  1410 | D:3      | Bought a fuming sapphire potion for 25 gold pieces
  1410 | D:3      | 1410 ||| BUYING glowing inky potion (25 gold).
  1410 | D:3      | Bought a glowing inky potion for 25 gold pieces
  1410 | D:3      | 1410 ||| SHOPLISTING glowing inky potion (25 gold, have 6).
  1410 | D:3      | 1410 ||| SHOPLISTING scroll of identify (56 gold, have 6).
  1410 | D:3      | 1410 ||| SHOPLISTING silvery potion (25 gold, have 6).
  1560 | D:3      | Noticed Robin
  1566 | D:3      | HP: 7/36 [poisoned by a goblin]
  1567 | D:3      | 1567 ||| READING scroll of teleportation.
  1568 | D:3      | Succumbed to a goblin's poison

Levels and vault maps discovered:
D:1:      wander_arrival_chamber, layout_basic
D:2:      layout_basic, grunt_decor_mini_mirrors, uniq_jessica
D:3:      layout_basic, vehumet_crystals, serial_shops, shop, shop,
          nicolae_shop_bloodbath_and_beyond, shop, shop_fountains, uniq_grinder,
          uniq_robin, uniq_sigmund

Skill      XL: |  1  2  3 |
---------------+----------+-----
Ranged Weapons | 3 4 |  4.7
Fighting       | 2 |  2.1
Armour         | 2 |  2.0
Dodging        | |  2.1
Spellcasting   | |  1.0
Hexes          | |  2.0

Action                     |  1- 3 |  4- 6 || total
---------------------------+-------+-------++-------
   Fire: Sling             |   116 |    60 ||   176
    Use: Scroll            |       |     7 ||     7
 Armour: Robe              |    12 |       ||    12
         Ring mail         |    13 |     9 ||    22
  Dodge: Dodged            |    25 |    16 ||    41

Table legend:
 A = Non-vault XP
 B = Vault XP
 C = Vault XP percentage of total XP
 D = Non-vault monster count
 E = Vault monster count
 F = Vault count percentage of total count
                 A         B        C        D         E       F
            +---------+---------+-------+---------+---------+-------
      Total |     122 |      43 |  26.1 |      49 |       5 |   9.3
            +---------+---------+-------+---------+---------+-------
        D:1 |      44 |       0 |   0.0 |      25 |       0 |   0.0
        D:2 |      75 |      37 |  33.0 |      22 |       1 |   4.3
        D:3 |       3 |       6 |  66.7 |       2 |       4 |  66.7
            +---------+---------+-------+---------+---------+-------
